 Dungeon Crawl Stone Soup version 0.29.1-1-gd02db6906a (webtiles) character file.

Game seed: 3589969151496092764

56423 Icepheonix32 the Warrior (level 14, 0/148 HPs)
             Began as a Minotaur Fighter on Sept 21, 2022.
             Was the Champion of Okawaru.
             Killed from afar by a fire dragon (25 damage)
             ... with a blast of flame
             ... on level 15 of the Dungeon.
             The game lasted 00:38:34 (18653 turns).

Icepheonix32 the Warrior (Minotaur Fighter)        Turns: 18653, Time: 00:38:34

Health: 0/148      AC: 23    Str: 33    XL:     14   Next: 42%
Magic:  6/6        EV: 17    Int:  7    God:    Okawaru [******]
Gold:   1076       SH: 15    Dex: 20    Spells: 13/13 levels left

rFire   + . .      SeeInvis .   Z - +7 spear of Gin and Tonic {antimagic, Str+3}
rCold   x . .      Faith    .   Q - +2 kite shield "Onotan" {-Tele rN+++ Int+3 Dex+4}
rNeg    + + +      Spirit   .   B - +1 chain mail "Roefota" {rElec Str+2}
rPois   +          Reflect  .   (helmet restricted)
rElec   +          Harm     +   e - +1 cloak "Mefregoq" {Harm Str+5}
rCorr   .          Rampage  +   i - +1 pair of gloves
Will    +....      NoTele   +   o - +2 pair of boots {rampage}
Stlth   ..........              z - amulet of the acrobat
HPRegen 0.34/turn               s - ring of fire
MPRegen 0.10/turn               n - +4 ring of evasion

@: studying Armour
A: horns 2, retaliatory headbutt, agile 1, poison resistance, robust 1, sturdy
frame 1
a: Renounce Religion, Heroism, Finesse, Duel


You were on level 15 of the Dungeon.
You worshipped Okawaru.
Okawaru was exalted by your worship.
You visited 2 branches of the dungeon, and saw 16 of its levels.
You also visited: Ossuary and Bailey.

You collected 1076 gold pieces.

Inventory:

Hand Weapons
 p - a +9 flail of holy wrath
 H - the +6 glaive "Pogis" {vamp, rC- Int+5}
   (Okawaru gifted it to you on level 15 of the Dungeon)

   It occasionally heals its wielder for a portion of the damage dealt when it
   wounds a living foe.
   Int:       It affects your intelligence (+5).
   rC:        It makes you vulnerable to cold.
 T - the +10 broad axe of the Volcano {chaos, rPois Dex+2}
   (Okawaru gifted it to you on level 15 of the Dungeon)

   Each time it hits an enemy it has a different, random effect.
   Dex:       It affects your dexterity (+2).
   rPois:     It protects you from poison.
 Z - the +7 spear of Gin and Tonic (weapon) {antimagic, Str+3}
   (You found it on level 14 of the Dungeon)

   It reduces the magical energy of the wielder, and disrupts the spells and
   magical abilities of those it strikes.
   Natural abilities and divine invocations are not affected.
   Str:       It affects your strength (+3).
Missiles
 b - 5 curare-tipped darts
 j - 3 boomerangs (quivered)
 I - 3 silver boomerangs
 J - 30 poisoned darts
 S - 2 throwing nets
Armour
 e - the +1 cloak "Mefregoq" (worn) {Harm Str+5}
   (You acquired it on level 3 of the Dungeon)

   Str:       It affects your strength (+5).
   Harm:      It increases damage dealt and taken.
 i - a +1 pair of gloves (worn)
 k - a +2 chain mail of cold resistance
 o - a +2 pair of boots of rampaging (worn)
 r - a +3 buckler of positive energy
 B - the +1 chain mail "Roefota" (worn) {rElec Str+2}
   (You found it in a bailey)

   Str:       It affects your strength (+2).
   rElec:     It insulates you from electricity.
 D - a +1 cloak of preservation
 O - a +4 ring mail
 Q - the +2 kite shield "Onotan" (worn) {-Tele rN+++ Int+3 Dex+4}
   (Okawaru gifted it to you on level 13 of the Dungeon)

   Int:       It affects your intelligence (+3).
   Dex:       It affects your dexterity (+4).
   rN:        It renders you almost immune to negative energy.
   -Tele:     It prevents most forms of teleportation.
Jewellery
 h - a ring of flight
 n - a +4 ring of evasion (right hand)
 s - a ring of fire (left hand)
 z - an amulet of the acrobat (around neck)
 M - an amulet of regeneration
 N - a ring of magical power
 P - a ring of see invisible
 R - a ring of ice
Wands
 m - a wand of roots (14)
 x - a wand of light (8)
 A - a wand of flame (19)
Scrolls
 f - 5 scrolls of amnesia
 l - 13 scrolls of teleportation
 w - 6 scrolls of magic mapping
 y - 6 scrolls of identify
 E - 3 scrolls of fear
 L - 4 scrolls of blinking
 W - 2 scrolls of vulnerability
 Y - a scroll of poison
Potions
 d - a potion of might
 g - 5 potions of heal wounds
 q - 6 potions of haste
 t - 5 potions of brilliance
 u - a potion of invisibility
 v - 8 potions of curing
 C - a potion of magic
 F - 2 potions of ambrosia
 G - 4 potions of mutation
 U - a potion of berserk rage
 X - 2 potions of lignification
Miscellaneous
 a - a phial of floods (inert)
 c - a lightning rod (3/4)
 K - a tin of tremorstones (1/2)
 V - a box of beasts


   Skills:
 * Level 15.3 Fighting
 + Level 1.4 Short Blades
 - Level 4.2(11.3) Axes
 - Level 14.1(14.4) Maces & Flails
 * Level 8.2(8.7) Polearms
 + Level 3.5 Throwing
 + Level 14.6 Armour
 + Level 6.8 Dodging
 + Level 2.7 Stealth
 + Level 11.7 Shields
 * Level 8.3 Invocations
 + Level 3.3 Evocations


You had 13 spell levels left.
You didn't know any spells.
Your spell library contained the following spells:

 Spells                   Type           Power      Damage    Failure   Level
 Apportation              Tloc           0%         N/A       91%         1
 Beastly Appendage        Tmut           0%         N/A       91%         1
 Necrotise                Necr           0%         1d4       91%         1
 Shock                    Conj/Air       0%         1d3       91%         1
 Sting                    Tmut/Pois      0%         1d3       91%         1
 Poisonous Vapours        Pois/Air       0%         N/A       97%         2
 Sublimation of Blood     Necr           0%         N/A       97%         2
 Wereblood                Tmut           0%         N/A       97%         2
 Frozen Ramparts          Ice            0%         1d1       100%        3
 Swiftness                Air            0%         N/A       100%        3
 Airstrike                Air            0%         2d(0-16)  100%        4
 Corpse Rot               Necr/Pois/Air  0%         N/A       100%        4
 Ice Form                 Ice/Tmut       0%         N/A       100%        4
 Blade Hands              Tmut           0%         N/A       100%        5
 Conjure Ball Lightning   Conj/Air       0%         3x3d6     100%        6
 Statue Form              Tmut/Erth      0%         N/A       100%        6
 Storm Form               Tmut/Air       0%         N/A       100%        7
 Discord                  Hex            0%         N/A       100%        8
 Disjunction              Tloc           0%         N/A       100%        8
 Summon Small Mammal      Summ           Unusable   N/A       N/A         1
 Summon Ice Beast         Ice/Summ       Unusable   N/A       N/A         4
 Summon Hydra             Summ           Unusable   N/A       N/A         7

Dungeon Overview and Level Annotations

Branches:
Dungeon (15/15)            Temple (1/1) D:7            Lair (0/5) D:9
    Orc (0/2) D:9          Vaults (0/5) D:13        Ossuary (visited)
 Bailey (visited)
 Depths: D:15

Altars:
Ashenzari
Cheibriados
Dithmenos
Elyvilon
Fedhas
Gozag
Hepliaklqana
Kikubaaqudgha
Makhleb
Nemelex Xobeh
Okawaru
Qazlal
Ru
Sif Muna
Trog
Uskayaw
Vehumet
Wu Jian
Xom
Yredelemnul
Zin
The Shining One

Shops:
D:3 [   D:11 *   D:12 [

Portals:
Trove: D:13 (give horn of Geryon)


Innate Abilities, Weirdness & Mutations

You have a pair of horns on your head.
You reflexively headbutt those who attack you in melee.
You are agile. (Dex +4, Str/Int -1)
Your system is resistant to poisons. (rPois)
You are robust. (+10% HP)
Your movements are slightly less encumbered by armour. (ER -2)


Message History

The fire dragon is severely wounded.
The fire dragon is no longer blind. x2; You block the fire dragon's attack. x2
The fire dragon tramples you but does no damage.
Aiming: Bolt of Light
Press: ? - help, Shift-Dir - straight line, f/p - fire dragon
Aim: a fire dragon (severely wounded, 81% to hit)
The bolt of light misses the fire dragon.
The bolt of light hits the fire dragon!
The fire dragon is almost dead.
The fire dragon is blinded.
The fire dragon breathes flames at you.
The blast of flame hits the fire dragon!
The fire dragon resists.
The blast of flame hits you! You resist.
You block the fire dragon's attack. x2; The fire dragon misses you.
Unknown command.
You closely miss the fire dragon.
The fire dragon is almost dead.
The fire dragon breathes flames at you. The blast of flame hits you!!
You resist.
You hit the fire dragon but do no damage.
The fire dragon is almost dead.
The fire dragon barely misses you. The fire dragon misses you.
You block the fire dragon's attack.
Reach: Z) +7 spear of Gin and Tonic {antimagic, Str+3}
Press: ? - help, Dir - move target, f - fire dragon, p - fire dragon
Aim: a fire dragon (almost dead, blind, about 19% to evade the +7 spear of Gin and Tonic)
The fire dragon is in the way.
You hit the fire dragon but do no damage.
The fire dragon is almost dead.
You hit the fire dragon. You headbutt the fire dragon.
The fire dragon is almost dead.
The fire dragon breathes flames at you. The blast of flame hits you!!
You resist.
* * * LOW HITPOINT WARNING * * *
You puncture the fire dragon!
You kill the fire dragon!
Okawaru accepts your kill. The fire dragon breathes flames at you.
The blast of flame hits you!! You resist.
You die...

#$. .$# ... #..###.#.. #$. .$#
..# ##.....##⌠# ########.~#~.#
#.####...###...# #......##.~~#
#..###..#|#.... ........##.####
##...##.##.##(# .........#.##.##
#.......###)#.# .........#.....#
##...##..#####)#
.........#..8..###..).##.........
.........##...D†@...<###.....##..
.......[####..###...###....#.)...
.......## ##.##...## #....##....
......## ####...####...###....
...#### ##..............#... ..##
#####.......####....#... .##
#...........# #........ ######
#...........####....##.. .....##
#........####.#.###.##..


You could see a fire dragon (blind, catching breath).

Vanquished Creatures
  Jorgrun (D:13)
  A quicksilver ooze (shapeshifter) (D:15)
  A fire dragon (D:15)
  Fannar (D:11)
  5 vault guards (D:13)
  5 boulder beetles
  3 catoblepae
  3 two-headed ogres
  6 centaur warriors
  An ogre mage (D:15)
  3 hydras
  2 death knights (D:15)
  A tengu warrior (D:15)
  The ghost of Gurantaxtaxq the Thaumaturge, a journeyman DECj of Vehumet (D:10)
  A deep elf knight (D:13)
  2 skeletal warriors
  An orb spider (shapeshifter) (D:15)
  The ghost of Rudyous the Trooper, a novice MiFi (D:6)
  A phantasmal warrior (D:15)
  Pikel (D:8)
  7 deep elf pyromancers
  2 wizards
  A deep elf archer (D:13)
  The ghost of RogueRain17 the Spear-Bearer, a novice MeCA of Ignis (D:7)
  4 orc knights
  12 ugly things
  4 manticores
  4 cyclopes
  A spectral centaur (D:10)
  A black mamba (shapeshifter) (D:14)
  A centaur zombie (D:10)
  2 gargoyles
  An unseen horror (shapeshifter) (D:11)
  An unseen horror (D:12)
  A freezing wraith (D:15)
  A yaktaur (D:13)
  A kobold demonologist (D:11)
  An efreet (D:14)
  3 tengu conjurers
  2 komodo dragons (D:12)
  A troll (shapeshifter) (D:15)
  A wolf spider simulacrum (D:10)
  A meliai (D:14)
  A meliai (shapeshifter) (D:15)
  2 trolls
  A hornet (D:8)
  8 slime creatures
  5 vampires
  4 wraiths
  12 yaks
  A shadow (D:10)
  5 wyverns
  2 basilisks
  5 vampire mosquitoes
  Edmund (D:6)
  An acid dragon (D:13)
  A warg (D:9)
  4 water moccasins
  Duvessa (D:4)
  5 orc warriors
  2 sky beasts (D:6)
  3 ice beasts
  A boggart (D:15)
  4 centaurs
  A lemure (D:8)
  5 kobold brigands
  A bullfrog (D:9)
  A gnoll sergeant (D:8)
  3 scorpions
  4 earth elementals (D:10)
  3 water moccasin zombies (Ossuary)
  15 killer bees (D:9)
  Dowan (D:4)
  9 howler monkeys
  4 electric eels
  2 hounds
  7 jellies
  Crazy Yiuf (D:5)
  10 orc priests
  5 iguanas
  Ijyb (D:3)
  12 orc wizards
  A boggart simulacrum (D:15)
  2 mummies (Ossuary)
  11 gnolls
  4 adders
  A shadow imp (D:7)
  A white imp (D:5)
  An ufetubus (D:7)
  3 adder zombies (Ossuary)
  3 worms
  2 dart slugs
  51 orcs
  4 ball pythons
  22 endoplasms
  2 giant cockroaches
  5 hobgoblins
  9 jackals
  24 kobolds
  5 quokkas
  4 bats
  3 frilled lizards (D:2)
  3 gnoll zombies (Ossuary)
  13 goblins
  3 hobgoblin zombies (Ossuary)
  3 kobold zombies (Ossuary)
  4 orc zombies (Ossuary)
  8 rats
441 creatures vanquished.

Vanquished Creatures (others)
  A hydra (D:15)
  18 fungi
  13 plants
32 creatures vanquished.

Grand Total: 473 creatures vanquished

Notes
Turn   | Place    | Note
-------+----------+-------------------------------------------
     0 | D:1      | Icepheonix32 the Minotaur Fighter began the quest for the
                  | Orb.
     0 | D:1      | Reached XP level 1. HP: 19/19 MP: 0/0
   165 | D:1      | Reached skill level 4 in Fighting
   165 | D:1      | Reached XP level 2. HP: 27/27 MP: 1/1
   944 | D:2      | Reached XP level 3. HP: 26/33 MP: 2/2
  1180 | D:2      | Found a faded altar of an unknown god.
  1492 | D:3      | Identified 2 scrolls of acquirement
  1492 | D:3      | Acquired the +1 cloak "Mefregoq" {Harm Str+5}
  1522 | D:3      | Reached XP level 4. HP: 14/41 MP: 3/3
  1551 | D:3      | Found Wenurruw's Armour Shoppe.
  1858 | D:3      | Noticed Ijyb
  1871 | D:3      | Killed Ijyb
  2192 | D:3      | Reached XP level 5. HP: 36/47 MP: 4/4
  2732 | D:4      | Reached skill level 5 in Fighting
  2760 | D:4      | Noticed Duvessa
  2765 | D:4      | Noticed Dowan
  2768 | D:4      | Killed Duvessa
  2769 | D:4      | Reached skill level 5 in Armour
  2769 | D:4      | Reached XP level 6. HP: 23/56 MP: 5/5
  2774 | D:4      | Killed Dowan
  2775 | D:4      | Reached skill level 1 in Dodging
  2947 | D:4      | Acquired a +2 buckler of positive energy
  2961 | D:4      | Acquired a manual of Armour
  3233 | D:4      | Reached skill level 6 in Fighting
  3247 | D:4      | Found a hide-covered altar of Uskayaw.
  3356 | D:4      | Reached skill level 5 in Shields
  3688 | D:5      | Entered Level 5 of the Dungeon
  3845 | D:5      | Reached skill level 1 in Short Blades
  3845 | D:5      | Reached XP level 7. HP: 38/63 MP: 6/6
  4204 | D:5      | Found a broken altar of Ashenzari.
  4243 | D:5      | Reached skill level 1 in Maces & Flails
  4284 | D:5      | Found a shadowy altar of Dithmenos.
  4453 | D:5      | Found a runed translucent door.
  4454 | D:5      | Noticed Crazy Yiuf
  4719 | D:5      | Killed Crazy Yiuf
  4781 | D:6      | Noticed Edmund
  4790 | D:6      | Killed Edmund
  5056 | D:6      | Found a runed translucent door.
  5056 | D:6      | Noticed Rudyous's ghost (novice MiFi)
  5101 | D:6      | Noticed a vampire mosquito
  5103 | D:6      | Killed Rudyous's ghost
  5104 | D:6      | Reached skill level 7 in Fighting
  5104 | D:6      | Reached XP level 8. HP: 44/73 MP: 7/7
  5106 | D:6      | Reached skill level 5 in Maces & Flails
  5224 | D:6      | Found a sand-covered staircase.
  5236 | Ossuary  | Entered an ossuary
  5419 | D:6      | Gained mutation: You occasionally lose the ability to read
                  | scrolls when taking damage. [potion of mutation]
  5419 | D:6      | Gained mutation: You have a pair of large horns on your
                  | head. [potion of mutation]
  5534 | D:6      | Lost mutation: You have a pair of large horns on your head.
                  | [potion of mutation]
  5534 | D:6      | Lost mutation: You occasionally lose the ability to read
                  | scrolls when taking damage. [potion of mutation]
  5534 | D:6      | Gained mutation: Your movements are slightly less
                  | encumbered by armour. (ER -2) [potion of mutation]
  5534 | D:6      | Gained mutation: You are robust. (+10% HP) [potion of
                  | mutation]
  5534 | D:6      | Gained mutation: Your system is resistant to poisons.
                  | (rPois) [potion of mutation]
  5534 | D:6      | Gained mutation: You are agile. (Dex +4, Str/Int -1)
                  | [potion of mutation]
  5932 | D:6      | Reached XP level 9. HP: 89/89 MP: 8/8
  5976 | D:6      | Reached skill level 8 in Fighting
  6232 | D:7      | Found an ancient bone altar of Kikubaaqudgha.
  6250 | D:7      | Noticed RogueRain17's ghost (novice MeCA)
  6251 | D:7      | Found a runed translucent door.
  6266 | D:7      | Killed RogueRain17's ghost
  6303 | D:7      | Found a staircase to the Ecumenical Temple.
  6382 | D:7      | Found a flagged portal.
  6391 | D:7      | Reached skill level 9 in Fighting
  6391 | D:7      | Reached skill level 10 in Armour
  6403 | Bailey   | Entered a bailey
  6459 | Bailey   | Noticed an orc knight
  6478 | Bailey   | Killed an orc knight
  6511 | Bailey   | Reached XP level 10. HP: 44/100 MP: 9/9
  6762 | Bailey   | Found a large runed translucent door.
  6762 | Bailey   | Found a large runed translucent door.
  6763 | Bailey   | Noticed a deep elf pyromancer
  6848 | Bailey   | Killed a deep elf pyromancer
  6864 | Bailey   | Identified the +1 chain mail "Roefota" {rElec Str+2}
  7381 | D:8      | Found a glowing golden altar of the Shining One.
  7463 | D:8      | Found an opulent altar of Gozag.
  7788 | Temple   | Entered the Ecumenical Temple
  7880 | Temple   | Became a worshipper of Warmaster Okawaru
  7990 | D:8      | Reached skill level 10 in Fighting
  8580 | D:9      | Noticed Pikel
  8594 | D:8      | Killed Pikel
  8595 | D:8      | Reached skill level 10 in Maces & Flails
  8604 | D:9      | Reached skill level 1 in Invocations
  8613 | D:9      | Reached skill level 1 in Throwing
  8622 | D:9      | Reached * piety under Okawaru
  8882 | D:9      | Reached skill level 11 in Fighting
  8905 | D:9      | Found a blossoming altar of Fedhas.
  8909 | D:9      | Reached ** piety under Okawaru
  8974 | D:9      | Reached XP level 11. HP: 77/112 MP: 12/12
  9178 | D:9      | Noticed a two-headed ogre
  9186 | D:9      | Killed a two-headed ogre
  9186 | D:9      | Reached *** piety under Okawaru
  9187 | D:9      | Reached skill level 5 in Dodging
  9399 | D:9      | Found a staircase to the Orcish Mines.
  9449 | D:9      | Found a staircase to the Lair.
  9914 | D:10     | Entered Level 10 of the Dungeon
 10008 | D:10     | Noticed a four-headed hydra
 10028 | D:10     | Killed a four-headed hydra
 10029 | D:10     | Reached skill level 1 in Stealth
 10192 | D:10     | Reached **** piety under Okawaru
 10234 | D:10     | Found a runed translucent gate.
 10234 | D:10     | Found a runed translucent gate.
 10234 | D:10     | Found a runed translucent gate.
 10240 | D:10     | Noticed Gurantaxtaxq's ghost (journeyman DECj)
 10243 | D:10     | Found a burning altar of Makhleb.
 10244 | D:10     | Found a bloodstained altar of Trog.
 10245 | D:10     | Found a radiant altar of Vehumet.
 10246 | D:10     | Found a snail-covered altar of Cheibriados.
 10282 | D:10     | Killed Gurantaxtaxq's ghost
 10283 | D:10     | Reached skill level 12 in Fighting
 10285 | D:10     | Reached ***** piety under Okawaru
 10754 | D:11     | Found Ymuvyl's Mass Market.
 10865 | D:11     | Noticed a two-headed ogre
 10871 | D:11     | Killed a two-headed ogre
 10922 | D:11     | Noticed Fannar
 10933 | D:11     | Killed Fannar
 10939 | D:11     | Reached XP level 12. HP: 63/124 MP: 14/14
 11417 | D:10     | Reached skill level 5 in Invocations
 11801 | D:12     | Noticed a boulder beetle
 11820 | D:12     | Killed a boulder beetle
 12094 | D:12     | Received a gift from Okawaru
 12104 | D:12     | Reached skill level 13 in Fighting
 12305 | D:12     | Noticed a two-headed ogre
 12312 | D:12     | Killed a two-headed ogre
 12370 | D:12     | Found Taifo Ebi's Antique Armour Emporium.
 12817 | D:13     | Found a portal to a secret trove of treasure.
 12872 | D:13     | Noticed a boulder beetle
 12891 | D:13     | Killed a boulder beetle
 13027 | D:13     | Noticed a centaur warrior
 13033 | D:13     | Killed a centaur warrior
 13033 | D:13     | Reached ****** piety under Okawaru
 13034 | D:13     | Reached skill level 10 in Shields
 13089 | D:13     | Noticed a catoblepas
 13092 | D:13     | Noticed Jorgrun
 13099 | D:13     | Killed a catoblepas
 13110 | D:13     | Killed Jorgrun
 13358 | D:13     | Noticed a vault guard
 13411 | D:13     | Noticed a vault guard
 13422 | D:13     | Reached XP level 13. HP: 124/135 MP: 16/16
 13465 | D:13     | Reached skill level 1 in Evocations
 13501 | D:13     | Reached skill level 14 in Fighting
 13552 | D:13     | Identified the +2 kite shield "Onotan" {-Tele rN+++ Int+3
                  | Dex+4} (Okawaru gifted it to you on level 13 of the
                  | Dungeon)
 13552 | D:13     | Received a gift from Okawaru
 13667 | D:13     | Found a gate to the Vaults.
 14243 | D:14     | Identified the +7 spear of Gin and Tonic {antimagic, Str+3}
 14736 | D:13     | Reached skill level 1 in Polearms
 16165 | D:14     | Identified the +1 chain mail of Light {Int+2}
 16410 | D:15     | Entered Level 15 of the Dungeon
 16453 | D:15     | Reached skill level 5 in Polearms
 16455 | D:15     | Received a gift from Okawaru
 16897 | D:15     | Identified the +10 broad axe of the Volcano {chaos, rPois
                  | Dex+2} (Okawaru gifted it to you on level 15 of the
                  | Dungeon)
 16897 | D:15     | Received a gift from Okawaru
 16950 | D:15     | Reached XP level 14. HP: 101/146 MP: 6/18
 17123 | D:15     | Reached skill level 15 in Fighting
 17191 | D:15     | Identified the +6 glaive "Pogis" {vamp, rC- Int+5} (Okawaru
                  | gifted it to you on level 15 of the Dungeon)
 17191 | D:15     | Received a gift from Okawaru
 17768 | D:15     | Got the Exposition on Transmigration
 18301 | D:15     | Noticed a quicksilver ooze
 18304 | D:15     | Killed a quicksilver ooze
 18653 | D:15     | Killed from afar by a fire dragon

Illustrated notes

Levels and vault maps discovered:
D:1:      minmay_arrival_wavy_path, layout_basic, nicolae_titane
D:2:      layout_basic, shapermc_ecumenical_altar_hornbeckon
D:3:      layout_basic, serial_shops, shop, uniq_ijyb
D:4:      layout_loops_cross, nicolae_uskayaw_suspiria, uniq_duvessa
D:5:      layout_loops_cross, nicolae_ashenzari_skybound,
          grunt_dithmenos_smoke_and_mirrors, uniq_crazy_yiuf_cottage
D:6:      layout_basic, nicolae_ossuary_entry_ruins, ebering_ghost_inner_flame,
          minmay_quadrilaterals, uniq_edmund
D:7:      layout_cave_pools, kiku_gazebo_garden_becter, temple_statues,
          enter_bailey_5, hellmonk_ghost_happy_afterlife
D:8:      layout_basic, tso_metal_star,
          mainiacjoe_overflow_concentric_impassable, disabler_island
D:9:      layout_cave_pools, old_standard_altar, minmay_lair_entry_grove,
          erik_orc_3, serial_column_ruins, column_ruins_open_medium,
          column_ruins_grid_1, column_ruins_open_tiny_water,
          column_ruins_grid_1, column_ruins_open_small,
          column_ruins_open_medium_water, minmay_misc_feat_roman,
          nrook_mini_vaults, uniq_pikel
D:10:     minmay_stone_box, layout_basic, mainiacjoe_overflow_alcove_3,
          gammafunk_ghost_necromancy, lightli_minifort
D:11:     lemuel_slime, layout_irregular_city, serial_glass, glass_columns_c,
          glass_columns_a, glass_columns_a, glass_columns_a, minmay_shop_mass,
          uniq_fannar
D:12:     layout_gridville, serial_shops, nicolae_shop_hallway_plus
D:13:     layout_loops_ring, grunt_vaults_entry_fortified, enter_trove_2,
          uniq_jorgrun
D:14:     layout_big_octagon, serial_park, serial_park_square1
          [serial_park_minivault_5x5_1], serial_park_tiny_2, serial_park_square3
          [serial_park_minivault_5x5_6], serial_park_tiny_2,
          serial_park_fountain, grunt_decor_arrowhead
D:15:     grunt_enter_depths_hoard, layout_cave_pods, minivault_24,
          minmay_the_grid_2x2 [minmay_the_grid_medium_cups,
          minmay_the_grid_large_cup, minmay_the_grid_embedded,
          minmay_the_grid_prize_trominoes]
Temple:   jpeg_temple_clearing

Skill      XL: |  1  2  3  4  5  6  7  8  9 10 11 12 13 14 |
---------------+-------------------------------------------+-----
Fighting       | 4 5 6 7 9 11 12 13 14 15 | 15.3
Armour         | 4 5 6 8 9 10 11 12 13 14 | 14.6
Axes           | 3 4 |  4.2
Shields        | 4 5 6 7 9 10 11 | 11.7
Dodging        | 1 2 3 4 5 6 |  6.8
Short Blades   | 1 |  1.4
Maces & Flails | 4 6 9 10 12 13 14 | 14.1
Invocations    | 2 4 6 7 8 |  8.3
Throwing       | 1 2 3 |  3.5
Stealth        | 1 2 |  2.7
Evocations     | 3 |  3.3
Polearms       | 6 8 |  8.2

Action                   |  1- 3 |  4- 6 |  7- 9 | 10-12 | 13-15 || total
-------------------------+-------+-------+-------+-------+-------++-------
Melee: War axe           |    64 |    26 |       |       |       ||    90
       Headbutt          |    10 |    25 |    20 |   108 |   137 ||   300
       Dagger            |       |    79 |       |       |       ||    79
       Flail             |       |    38 |   175 |   468 |    76 ||   757
       Spear             |       |       |       |       |   407 ||   407
Throw: Boomerang         |       |       |       |    22 |    14 ||    36
       Dart              |       |       |       |     9 |     1 ||    10
Invok: Heroism           |       |       |       |       |     1 ||     1
Evoke: Wand              |       |       |       |    17 |    20 ||    37
       Tin of tremorston |       |       |       |     2 |     1 ||     3
       Lightning rod     |       |       |       |       |     1 ||     1
       Phial of floods   |       |       |       |       |     1 ||     1
  Use: Scroll            |     9 |     2 |     8 |     7 |     3 ||    29
       Potion            |       |     1 |    10 |     2 |     1 ||    14
 Stab: Distracted        |       |       |       |     1 |       ||     1
       Petrified         |       |       |       |     5 |     5 ||    10
       Invisible         |       |       |       |       |     6 ||     6
Armor: Scale mail        |    39 |    72 |    60 |       |       ||   171
       Chain mail        |       |       |       |   178 |   147 ||   325
Dodge: Dodged            |    43 |    63 |   102 |   235 |   170 ||   613
Block: Buckler           |    19 |    37 |    90 |   174 |     9 ||   329
       Kite shield       |       |       |       |       |   266 ||   266
